 Dungeon Crawl Stone Soup version 0.29-a0-231-g945431f764 (webtiles) character file.

Game seed: 9255685495612884998

2771 drugrobin the Cleaver (level 9, -2/79 HPs)
             Began as a Demigod Fighter on Mar 1, 2022.
             Slain by a boulder beetle (13 damage)
             ... on level 7 of the Dungeon.
             The game lasted 00:15:17 (8523 turns).

drugrobin the Cleaver (Demigod Fighter)             Turns: 8523, Time: 00:15:18

Health: -2/79      AC: 11    Str: 29    XL:     9   Next: 19%
Magic:  11/11      EV:  8    Int: 10    God:
Gold:   181        SH:  0    Dex: 11    Spells: 8/8 levels left

rFire   . . .      SeeInvis .   w - +10 quarterstaff "Meijom" {vorpal, Fly rCorr Stlth-}
rCold   . . .      Faith    .   (shield currently unavailable)
rNeg    . . .      Spirit   .   h - +0 chain mail
rPois   .          Reflect  .   v - +0 helmet
rElec   .          Harm     .   N - +0 cloak
rCorr   +          Rampage  .   (no gloves)
Will    .....                   (no boots)
Stlth   ..........              m - amulet of magic regeneration
HPRegen 0.23/turn               F - ring of resist corrosion
MPRegen 0.52/turn               M - ring of flight

@: flying
A: high MP 1, forlorn, divine attributes, clumsy 1, wild magic 2
a: no special abilities


You were on level 7 of the Dungeon.
You visited 1 branch of the dungeon, and saw 7 of its levels.
You also visited: Sewer.

You collected 335 gold pieces.
You spent 154 gold pieces at shops.

Inventory:

Hand Weapons
 a - a +0 war axe
 w - the +10 quarterstaff "Meijom" (weapon) {vorpal, Fly rCorr Stlth-}
   (You found it on level 3 of the Dungeon)

   It inflicts extra damage upon your enemies.
   Fly:       It grants you flight.
   rCorr:     It protects you from acid and corrosion.
   Stlth:     It makes you less stealthy.
 L - a +0 hand axe of flaming
Missiles
 i - 14 poisoned darts
 t - 12 boomerangs (quivered)
 I - 2 javelins
Armour
 b - a +0 scale mail
 c - a +0 buckler
 h - a +0 chain mail (worn)
 q - a +0 cloak
 v - a +0 helmet (worn)
 N - a +0 cloak (worn)
Jewellery
 m - an amulet of magic regeneration (around neck)
 F - a ring of resist corrosion (left hand)
 M - a ring of flight (right hand)
Wands
 r - a wand of paralysis (19)
 y - a wand of digging (5)
 E - a wand of acid (5)
 K - a wand of flame (20)
Scrolls
 j - 3 scrolls of teleportation
 o - a scroll of acquirement {unknown}
 p - 3 scrolls of enchant weapon {unknown}
 u - 3 scrolls of fog {unknown}
 x - 2 scrolls of fear {unknown}
 A - 2 scrolls of blinking
 B - a scroll of noise {unknown}
 H - 3 scrolls of identify {unknown}
Potions
 d - a potion of might
 e - a potion of lignification {unknown}
 f - 2 potions of magic {unknown}
 g - a potion of mutation
 k - 2 potions of curing
 l - a potion of invisibility {unknown}
 n - a potion of haste {unknown}
 s - a potion of heal wounds {unknown}
 z - 2 potions of resistance {unknown}
 C - a potion of degeneration {unknown}
 G - a potion of attraction {unknown}
 J - a potion of flight {unknown}
Miscellaneous
 D - a box of beasts


   Skills:
 + Level 7.3 Fighting
 + Level 10.0 Axes
 - Level 2.6 Armour
 - Level 2.6 Shields


You had 8 spell levels left.
You didn't know any spells.
Your spell library contained the following spells:

 Spells                   Type           Power      Damage    Failure   Level
 Beastly Appendage        Tmut           0%         N/A       97%         1
 Ensorcelled Hibernation  Hex/Ice        0%         N/A       99%         2
 Passwall                 Tmut/Erth      0%         N/A       99%         2
 Call Canine Familiar     Summ           0%         N/A       100%        3
 Dazzling Flash           Conj/Hex       0%         N/A       100%        3
 Portal Projectile        Hex/Tloc       0%         N/A       100%        3
 Swiftness                Air            0%         N/A       100%        3
 Animate Armour           Summ/Erth      0%         N/A       100%        4
 Iskenderun's Mystic Bla  Conj/Tloc      0%         2d3       100%        4
 Leda's Liquefaction      Hex/Erth       0%         N/A       100%        4
 Starburst                Conj/Fire      0%         6d3       100%        6
 Monstrous Menagerie      Summ           0%         N/A       100%        7
 Storm Form               Tmut/Air       0%         N/A       100%        7


Dungeon Overview and Level Annotations

Branches:
Dungeon (7/15)             Temple (0/1) D:6           Sewer (visited)

Shops:
D:5 *   D:6 *[


Innate Abilities, Weirdness & Mutations

You have an increased reservoir of magic. (+10% MP)
You shall have no god before yourself.
Your divine heritage dramatically boosts your attributes as you level up.
You are clumsy. (Dex -2)
Your spells are harder to cast, but more powerful.


Message History

The sky beast is moderately wounded.
The sky beast hits you but does no damage. x2
You miss the sky beast.
The sky beast is moderately wounded.
The sky beast hits you. The sky beast shocks you.
You thump the sky beast!
The sky beast is severely wounded.
The sky beast flickers out of sight!
Deactivating autopickup; reactivate with Ctrl-A.
Something hits you but does no damage.
You barely miss something. Something hits you but does no damage.
You barely miss something. Something hits you but does no damage.
A sky beast appears from thin air!
Reactivating autopickup.
The sky beast hits you but does no damage.
You sock the sky beast!
You kill the sky beast!
Your Axes skill increases to level 10!
A white imp comes into view.
The white imp shouts!
The white imp gestures at you. The puff of frost hits you.
You see here a sky beast corpse.
You hit the white imp.
The white imp is heavily wounded.
The white imp gestures at you. The puff of frost hits you.
You sock the white imp!
You kill the white imp!
A boulder beetle is nearby!
A boulder beetle is nearby!
Unknown command.
The boulder beetle curls into a ball and begins rolling!
You hit the boulder beetle but do no damage.
The boulder beetle hits you!!!
Ouch! That really hurt!
* * * LOW HITPOINT WARNING * * *
The boulder beetle stops rolling and uncurls.
The boulder beetle bites you!
You die...

#......#....##...#
#....#
#......#....##...###
#....#
#......'.......)...#
#....#
#......#....##.†...#
#....+
#......####+##.....#
#....#
#......#...........#
#....#
#......#....##....##
#......#....##....#
#......#...@......#
#......#...B......#
#...°##....#
#...°####### #...§§
#....§ ##+#.. ..≈#


You could see a boulder beetle.

Vanquished Creatures
  Prince Ribbit (D:6)
  Sigmund (D:6)
  The ghost of Foxy the Poker, an amateur MfBe of Trog (D:4)
  Menkaure (D:6)
  2 black bears
  A sky beast (D:7)
  3 ogres
  5 centaurs
  3 bullfrogs
  A gnoll sergeant (D:7)
  5 scorpions
  3 howler monkeys (D:7)
  2 jellies
  2 hounds
  An orc priest (D:6)
  Crazy Yiuf (D:6)
  An orc wizard (D:7)
  4 iguanas
  13 adders
  2 white imps
  2 worms
  2 dart slugs
  8 orcs
  21 endoplasms
  8 giant cockroaches
  5 goblins
  6 hobgoblins
  A jackal (D:4)
  3 kobolds
  9 quokkas
  18 ball pythons
  6 bats
  17 frilled lizards
159 creatures vanquished.

Notes
Turn   | Place    | Note
-------+----------+-------------------------------------------
     0 | D:1      | drugrobin the Demigod Fighter began the quest for the Orb.
     0 | D:1      | Reached XP level 1. HP: 18/18 MP: 3/3
   195 | D:1      | Reached skill level 2 in Axes
   348 | D:1      | Reached XP level 2. HP: 17/25 MP: 4/4
   709 | D:1      | Reached skill level 3 in Axes
  1036 | D:2      | Reached XP level 3. HP: 11/30 MP: 5/5
  2262 | D:3      | Identified the +10 quarterstaff "Meijom" {vorpal, Fly rCorr
                  | Stlth-}
  2455 | D:3      | Reached skill level 4 in Axes
  2470 | D:3      | Noticed an ogre
  2487 | D:3      | Reached XP level 4. HP: 37/37 MP: 6/6
  2491 | D:3      | Killed an ogre
  2492 | D:3      | Reached skill level 5 in Axes
  2492 | D:3      | Reached XP level 5. HP: 42/42 MP: 7/7
  2925 | D:4      | Noticed an ogre
  2934 | D:4      | Killed an ogre
  2935 | D:4      | Reached skill level 6 in Axes
  2935 | D:4      | Reached XP level 6. HP: 46/50 MP: 8/8
  3022 | D:4      | Reached skill level 7 in Axes
  3070 | D:4      | Found a glowing drain.
  3264 | Sewer    | Entered a sewer
  3454 | Sewer    | Reached XP level 7. HP: 39/56 MP: 9/9
  4057 | D:4      | Found a runed translucent door.
  4062 | D:4      | Noticed Foxy's ghost (amateur MfBe)
  4229 | D:4      | Killed Foxy's ghost
  4305 | D:5      | Entered Level 5 of the Dungeon
  4397 | D:5      | Identified the +0 robe "Damnable Contraption" {rC- rN+++
                  | Str+8 Dex-3}
  4517 | D:5      | Reached skill level 8 in Axes
  4933 | D:5      | Found Oxtoror's Gadget Gallery.
  4949 | D:5      | Bought a wand of flame (20) for 154 gold pieces
  5191 | D:5      | Reached XP level 8. HP: 43/67 MP: 10/10
  5318 | D:6      | Noticed Prince Ribbit
  5336 | D:6      | Killed Prince Ribbit
  5337 | D:6      | Reached skill level 5 in Fighting
  5362 | D:6      | Noticed Sigmund
  5382 | D:6      | Killed Sigmund
  5486 | D:6      | Found Kuryoh's Antique Armour Boutique.
  5506 | D:6      | Reached skill level 9 in Axes
  5674 | D:6      | Found a staircase to the Ecumenical Temple.
  5722 | D:6      | Found Nareq's Serpentskin Sales.
  6417 | D:6      | Noticed Menkaure
  6814 | D:6      | Killed Menkaure
  7007 | D:6      | Found a runed translucent door.
  7008 | D:6      | Noticed Crazy Yiuf
  7014 | D:6      | Killed Crazy Yiuf
  7338 | D:7      | Noticed a boulder beetle
  7405 | D:7      | Got the Volume of the Mutagenic Escort
  7537 | D:7      | HP: 3/71 [boulder beetle (46)]
  7970 | D:7      | Reached XP level 9. HP: 76/78 MP: 11/11
  8029 | D:7      | HP: 2/79 [something/magic dart (9)]
  8035 | D:7      | Gained mutation: You sometimes lose the ability to read
                  | scrolls when taking damage. [potion of mutation]
  8035 | D:7      | Gained mutation: You are frail. (-10% HP) [potion of
                  | mutation]
  8035 | D:7      | Gained mutation: Your spells are a little easier to cast,
                  | but a little less powerful. [potion of mutation]
  8333 | D:6      | Lost mutation: You sometimes lose the ability to read
                  | scrolls when taking damage. [potion of mutation]
  8333 | D:6      | Lost mutation: You are frail. (-10% HP) [potion of
                  | mutation]
  8333 | D:6      | Gained mutation: You tend to lose your temper in combat.
                  | [potion of mutation]
  8333 | D:6      | Gained mutation: You are clumsy. (Dex -2) [potion of
                  | mutation]
  8333 | D:6      | Gained mutation: You have large cloven feet. [potion of
                  | mutation]
  8334 | D:6      | Lost mutation: You have large cloven feet. [potion of
                  | mutation]
  8334 | D:6      | Lost mutation: Your spells are a little easier to cast, but
                  | a little less powerful. [potion of mutation]
  8334 | D:6      | Lost mutation: You tend to lose your temper in combat.
                  | [potion of mutation]
  8334 | D:6      | Gained mutation: Your spells are a little harder to cast,
                  | but a little more powerful. [potion of mutation]
  8334 | D:6      | Gained mutation: Your spells are harder to cast, but more
                  | powerful. [potion of mutation]
  8464 | D:7      | Reached skill level 10 in Axes
  8523 | D:7      | Slain by a boulder beetle

Illustrated notes

Levels and vault maps discovered:
D:1:      onia_arrival_mini_spirals, layout_loops_ring
D:2:      layout_basic, amethyst_killhole, fountainhead, minmay_pentomino_z2
D:3:      layout_basic, ebering_ecumenical_altar_ruins
D:4:      layout_rooms, old_standard_altar, gup_sewer_entry_glass,
          ebering_ghost_reflecting_pool, st_stairs_4
D:5:      layout_basic, hangedman_decor_points, grunt_ministairs_3,
          nicolae_shop_gadgets
D:6:      layout_cave_pools, minmay_temple_entry_antechambers, serial_shops,
          nicolae_shop_waterfront, guppyfry_shop_venom, uniq_sigmund,
          uniq_crazy_yiuf_cottage, uniq_menkaure, uniq_prince_ribbit1
D:7:      minmay_recursive_quarters, layout_gridville,
          cheibrodos_ashenzari_chains, kennysheep_mini_moat

Skill      XL: |  1  2  3  4  5  6  7  8  9 |
---------------+----------------------------+-----
Axes           | 2 3 4 5 6 7 8 9 10 | 10.0
Fighting       | 4 6 7 |  7.3
Armour         | |  2.6
Shields        | |  2.6

Action                   |  1- 3 |  4- 6 |  7- 9 || total
-------------------------+-------+-------+-------++-------
Melee: War axe           |   107 |       |   108 ||   215
       Quarterstaff      |     8 |    79 |   122 ||   209
       Punch             |       |       |     1 ||     1
Throw: Boomerang         |     5 |     1 |     2 ||     8
       Dart              |       |     3 |     8 ||    11
  Use: Scroll            |       |       |     1 ||     1
       Potion            |       |       |     4 ||     4
Armor: Scale mail        |    13 |       |       ||    13
       Chain mail        |    48 |    47 |   167 ||   262
Dodge: Dodged            |    41 |    53 |    86 ||   180
Block: Buckler           |    28 |       |     9 ||    37

Table legend: (Time is in decaauts)
 A = Elapsed time spent in this place.
 B = Non-inter-level travel time spent in this place.
 C = Inter-level travel time spent in this place.
 D = Time resting spent in this place.
 E = Time spent auto-exploring this place.
 F = Levels seen in this place.
 G = Mean time per level.
                   A        B        C        D        E       F      G
               +--------+--------+--------+--------+--------+-----+--------+
         Total |   8647 |   8290 |    357 |   2050 |   4546 |   8 | 1080.9 |
       Dungeon |   8072 |   7715 |    357 |   2050 |   4230 |   7 | 1153.1 |
         Sewer |    574 |    574 |      0 |      0 |    316 |   1 |  574.0 |
               +--------+--------+--------+--------+--------+-----+--------+

Top non-repeatable levels by time:
     D:6: 2215 daAuts
     D:5: 1403 daAuts
     D:2: 1168 daAuts
     D:1: 1006 daAuts
     D:4: 854 daAuts
     D:3: 795 daAuts
     D:7: 627 daAuts
   Sewer: 574 daAuts
